 Dungeon Crawl Stone Soup version 0.32-a0-407-g4da7c8d6d1 (webtiles) character file.

Game seed: 14133550677837347867

716 tilp the Sneak (level 7, -5/52 HPs)
             Began as a Vampire Enchanter on Feb 20, 2024.
             Was an Initiate of Wu Jian.
             Slain by a gnoll sergeant
             ... wielding a +0 trident of venom
              (15 damage)
             ... on level 5 of the Dungeon.
             The game lasted 00:05:53 (4737 turns).

tilp the Sneak (Vampire Enchanter)                  Turns: 4737, Time: 00:05:53

Health: -5/52      AC:  2    Str:  7    XL:     7   Next: 41%
Magic:  0/11       EV: 13    Int: 19    God:    Wu Jian [......]
Gold:   317        SH:  0    Dex: 15    Spells: 4/12 levels left

rFire   . . .        a - +1 dagger (freeze)
rCold   . . .        (no shield)
rNeg    . . .        e - +0 robe
rPois   .            (no helmet)
rElec   .            (no cloak)
rCorr   .            (no gloves)
SInv    +            (no boots)
Will    .....        (no amulet)
Stlth   +++          (no ring)
HPRegen 0.48/turn    (no ring)
MPRegen 0.12/turn

%: no passive effects
@: lethally poisoned (-5 -> -8), confusing by touch, healing quickly
A: alive, fangs 3, see invisible, vampiric 2
a: Exsanguinate, Renounce Religion


You were on level 5 of the Dungeon.
You worshipped Wu Jian.
Wu Jian was noncommittal.
You visited 1 branch of the dungeon, and saw 5 of its levels.

You collected 317 gold pieces.

Inventory:

Hand Weapons
 a - a +1 dagger of freezing (weapon)
 b - a +1 dagger of speed
Missiles
 g - 6 poisoned darts (quivered)
 m - 3 silver javelins {!f}
 p - 5 curare-tipped darts
Armour
 e - a +0 robe (worn)
Jewellery
 q - a ring of magical power
Wands
 i - a wand of flame (11)
 n - a wand of roots (3)
Scrolls
 f - a scroll of poison
 o - a scroll of revelation
Potions
 c - 3 potions of invisibility
 d - a potion of haste {unknown}
 h - a potion of might
 j - a potion of curing
 k - a potion of brilliance
 l - 2 potions of berserk rage
 s - a potion of enlightenment


   Skills:
 * Level 3.2 Fighting
 * Level 4.1 Short Blades
 + Level 3.5 Dodging
 + Level 6.1 Stealth
 + Level 3.1 Spellcasting
 + Level 6.0 Hexes
 - Level 2.0 Ice Magic
 + Level 1.2 Evocations


You had 4 spell levels left.
You knew the following spells:

 Your Spells              Type           Power      Damage    Failure   Level
a - Ensorcelled Hibernat  Hex/Ice        36%        N/A       4%          2
b - Confusing Touch       Hex            25%        N/A       3%          3
c - Tukima's Dance        Hex            25%        N/A       3%          3

Your spell library contained the following spells:

 Spells                   Type           Power      Damage    Failure   Level
 Dazzling Flash           Conj/Hex       28%        N/A       13%         3
 Ozocubu's Armour         Ice            10%        N/A       21%         3
 Fugue of the Fallen      Necr           2%         N/A       41%         3
 Passwall                 Erth           2%         N/A       41%         3
 Swiftness                Air            2%         N/A       41%         3
 Manifold Assault         Tloc           2%         N/A       83%         4


Dungeon Overview and Level Annotations

Branches:
Dungeon (5/15)             Temple (0/1) D:5

Altars:
Dithmenos
Uskayaw
Wu Jian

Annotations:
D:4 3 runed translucent doors, Name63's ghost, amateur OpSh


Innate Abilities, Weirdness & Mutations

Your natural rate of healing is accelerated.
You have razor-sharp teeth.
You have supernaturally acute eyesight. (SInv)
You are afflicted with vampirism and can become a bat while bloodless.


Message History

Press: ? - help, Shift-Dir - straight line, f/p - gnoll
Aim: a gnoll, wielding a +0 spear (chance to affect: 60%)
The gnoll resists with significant effort.
The gnoll sergeant hits you from afar with a +0 trident of venom.
You are poisoned.
The gnoll hits you with a +0 spear!
You hit the gnoll but do no damage.
You feel sick.
The gnoll sergeant hits you from afar with a +0 trident of venom!
* * * LOW HITPOINT WARNING * * *
The gnoll hits you with a +0 spear.
* * * LOW HITPOINT WARNING * * *
Unknown command.
Casting: Ensorcelled Hibernation (safe; 4% risk of failure)
Confirm with . or Enter, or press ? or * to list all spells.
You don't know that spell.
Unknown command.
Unknown command.
Unknown command.
You feel better.
The gnoll sergeant zaps a wand.
You easily resist.
The gnoll hits you with a +0 spear.
* * * LOW HITPOINT WARNING * * *
Unknown command.
Okay, then.
You feel better.
The gnoll shouts!
The gnoll sergeant hits you from afar with a +0 trident of venom.
* * * LOW HITPOINT WARNING * * *
You are poisoned.
The gnoll barely misses you.
Unknown command.
Casting: Ensorcelled Hibernation (safe; 4% risk of failure)
Confirm with . or Enter, or press ? or * to list all spells.
You don't know that spell.
Unknown command.
Unknown command.
Casting: Ensorcelled Hibernation (safe; 4% risk of failure)
Confirm with . or Enter, or press ? or * to list all spells.
Your hands begin to glow red.
You feel sick.
The gnoll sergeant hits you from afar with a +0 trident of venom!
You die...

#.....#.....'...##########
#....########...##...
#....##....##....'...
#..........##...##...
#...†......##...# ..
#....<..........# .
#...............#
#...............#
#!......?@.##...#
#.........g######
#.........gg.
#.............g
#.>.....<..##...#
#..........# ...#
........... ..' ..........
.#


You could see a gnoll sergeant and 3 gnolls.

Vanquished Creatures
  Sigmund (D:2)
  An ice beast (D:4)
  A scorpion (D:5)
  A howler monkey (D:5)
  A bombardier beetle (D:3)
  2 jellies
  2 iguanas
  4 gnolls
  2 adders
  A white imp (D:5)
  2 dart slugs
  A ribbon worm (D:2)
  5 orcs
  6 bats
  7 endoplasms
  6 giant cockroaches
  10 hobgoblins
  4 jackals (D:2)
  8 kobolds
  2 quokkas
  3 ball pythons
  2 frilled lizards
  6 goblins
  6 rats
84 creatures vanquished.

Notes
Turn   | Place    | Note
-------+----------+-------------------------------------------
     0 | D:1      | tilp the Vampire Enchanter began the quest for the Orb.
     0 | D:1      | Reached XP level 1. HP: 13/13 MP: 3/3
     3 | D:1      | Noticed an electric eel
     4 | D:1      | Noticed an electric eel
    55 | D:1      | Reached XP level 2. HP: 20/20 MP: 5/5
    72 | D:1      | Learned a level 2 spell: Ensorcelled Hibernation
   350 | D:1      | Reached skill level 1 in Fighting
   398 | D:1      | Gained mutation: You are afflicted with vampirism and can
                  | become a bat while bloodless. [Vampire growth]
   398 | D:1      | Reached XP level 3. HP: 26/26 MP: 6/6
   412 | D:1      | Found a faded altar of an unknown god.
   814 | D:1      | Learned a level 3 spell: Confusing Touch
  1086 | D:2      | Reached XP level 4. HP: 28/32 MP: 7/7
  1102 | D:2      | Reached skill level 5 in Stealth
  1345 | D:2      | Noticed Sigmund
  1593 | D:2      | Killed Sigmund
  1594 | D:2      | Reached skill level 5 in Hexes
  1594 | D:2      | Reached skill level 1 in Ice Magic
  1594 | D:2      | Reached XP level 5. HP: 8/38 MP: 3/8
  2581 | D:3      | Reached XP level 6. HP: 44/44 MP: 9/9
  2736 | D:3      | Found an ornate altar of the Wu Jian Council.
  2923 | D:3      | Noticed a spectral centipede
  2923 | D:3      | Noticed a spectral black mamba
  2923 | D:3      | Noticed a spectral cane toad
  2924 | D:3      | Became a worshipper of the Wu Jian Council
  3271 | D:4      | Found a hide-covered altar of Uskayaw.
  3396 | D:4      | Learned a level 3 spell: Tukima's Dance
  3440 | D:4      | Found a shadowy altar of Dithmenos.
  3705 | D:4      | Found a runed translucent gate.
  3705 | D:4      | Found a runed translucent gate.
  3706 | D:4      | Found a runed translucent gate.
  3709 | D:4      | Noticed Name63's ghost (amateur OpSh)
  3803 | D:5      | Entered Level 5 of the Dungeon
  3803 | D:5      | Noticed an ice beast
  3814 | D:4      | Killed an ice beast
  3815 | D:4      | Reached XP level 7. HP: 38/51 MP: 8/11
  4017 | D:5      | Reached skill level 1 in Evocations
  4150 | D:5      | HP: 1/52 [gnoll/+0 flail[a gnoll sergeant] (3)]
  4201 | D:5      | Found a staircase to the Ecumenical Temple.
  4737 | D:5      | Slain by a gnoll sergeant

Illustrated notes

Levels and vault maps discovered:
D:1:      arrival_aquarium_b, layout_loops_ring, ebering_ecumenical_altar_box,
          minmay_tromino_mix6
D:2:      layout_basic, eino_curves_01, uniq_sigmund
D:3:      layout_basic, mainiacjoe_overflow_tiny_flanked,
          pdpol_wu_jian_five_deadly_venoms, serial_curves, eino_curves_03,
          eino_curves_01, chequers_arboretum
D:4:      layout_loops_ring, nicolae_dithmenos_through_a_glass_darkly,
          eat_drink_and_be_merry_uskayaw, ebering_ghost_rock_garden
D:5:      layout_gridville, minmay_temple_entry_water_ring

Skill      XL: |  1  2  3  4  5  6  7 |
---------------+----------------------+-----
Fighting       | 1 2 3 |  3.2
Short Blades   | 2 3 4 |  4.1
Stealth        | 5 6 |  6.1
Dodging        | 3 |  3.5
Hexes          | 5 6 |  6.0
Ice Magic      | 1 2 |  2.0
Spellcasting   | 3 |  3.1
Evocations     | 1 |  1.2

Action                     |  1- 3 |  4- 6 |  7- 9 || total
---------------------------+-------+-------+-------++-------
  Melee: Dagger            |   105 |   145 |    48 ||   298
         Bite              |     7 |    11 |     5 ||    23
   Cast: Ensorcelled Hiber |     2 |    18 |    20 ||    40
         Confusing Touch   |       |     2 |     3 ||     5
Ability: Lunge             |       |     6 |     3 ||     9
    Use: Scroll            |     3 |    10 |       ||    13
         Potion            |       |       |     2 ||     2
   Stab: Sleeping          |    14 |    14 |     7 ||    35
         Confused          |       |     2 |     1 ||     3
 Armour: Robe              |    44 |    58 |    30 ||   132
  Dodge: Dodged            |    57 |    78 |    20 ||   155

Table legend: (Time is in decaauts)
 A = Elapsed time spent in this place.
 B = Non-inter-level travel time spent in this place.
 C = Inter-level travel time spent in this place.
 D = Time resting spent in this place.
 E = Time spent auto-exploring this place.
 F = Levels seen in this place.
 G = Mean time per level.
                   A        B        C        D        E       F      G
               +--------+--------+--------+--------+--------+-----+--------+
         Total |   4644 |   4511 |    133 |    413 |   3342 |   5 |  928.8 |
       Dungeon |   4644 |   4511 |    133 |    413 |   3342 |   5 |  928.8 |
               +--------+--------+--------+--------+--------+-----+--------+

Top non-repeatable levels by time:
     D:2: 1139 daAuts
     D:3: 946 daAuts
     D:1: 902 daAuts
     D:5: 831 daAuts
     D:4: 824 daAuts
